 Dungeon Crawl Stone Soup version bcrawl-1.40.2 (webtiles) character file.

Game seed: 639928520782723085

148754 kosoiffoigrumme1174 the Ducker (level 5, -3/32 HPs)
             Began as a Vine Stalker Monk on Nov 10, 2023.
             Slain by Grinder (5 damage)
             ... while paralysed by Grinder
             ... on level 3 of the Dungeon.
             The game lasted 00:02:09 (1941 turns).

kosoiffoigrumme1174 the Ducker (Vine Stalker Monk)  Turns: 1941, Time: 00:02:10

Health: -3/32      AC:  8    Str: 13    XL:     5   Next: 3%
Magic:  0/7        EV:  2    Int: 10    God:
Gold:   364        SH:  0    Dex: 18    Spells: 4/4 levels left

rFire    . . .     GDR:     29% b - +2 dagger (protect)
rCold    . . .     SeeInvis .   (no shield)
rNeg     . . .     Gourm    .   k - +0 chain mail
rPois    .         Faith    .   c - +0 hat
rElec    .         Spirit   +   (no cloak)
rCorr    .         Reflect  .   (no gloves)
MR       .....                  (no boots)
Stlth    ..........             d - amulet of guardian spirit
HPRegen  0.55/turn              (no ring)
MPRegen  0.10/turn              (no ring)

@: paralysed
A: fangs 2, regeneration 1, no potion heal 3, rot immunity, strong jaws
a: no special abilities


You were on level 3 of the Dungeon.
You were hungry.

You visited 1 branch of the dungeon, and saw 3 of its levels.

You collected 364 gold pieces.

Inventory:

Hand Weapons
 a - a +0 hand axe
 b - a +2 dagger of protection (weapon)
 m - a +0 mace of protection
 o - a cursed -2 spear
 t - a cursed -1 short sword
Missiles
 g - 703 stones (quivered)
Armour
 c - a +0 hat (worn)
 k - a +0 chain mail (worn)
Jewellery
 d - an amulet of guardian spirit (around neck)
 u - an uncursed amulet of magic regeneration {unknown}
 v - an uncursed ring of poison resistance {unknown}
Scrolls
 f - 4 scrolls of remove curse
 h - a scroll of blinking
 i - 2 scrolls of identify
 j - a scroll of teleportation {unknown}
 n - 3 scrolls of fog {unknown}
 q - 4 scrolls of immolation {unknown}
Potions
 l - a potion of lignification
 p - 2 potions of degeneration {unknown}
 r - 2 potions of heal wounds {unknown}
 s - a potion of might {unknown}
Comestibles
 e - 4 rations {!d}


   Skills:
 + Level 3.6 Fighting
 - Level 2.6 Axes
 + Level 4.4 Dodging
 - Level 3.0 Stealth
 + Level 2.4 Unarmed Combat
   Level 2.0 Invocations


You had 4 spell levels left.
You didn't know any spells.
Your spell library was empty.

Dungeon Overview and Level Annotations

Branches:
Dungeon (3/12)

Altars:
Fedhas

Annotations:
D:2 1 runed door
D:3 Grinder


Innate Abilities, Weirdness & Mutations

You have extremely sharp teeth.
Your natural rate of healing is unusually fast.
Potions cannot restore your health.
You are immune to rotting.
Your bites deal extra damage.


Message History

Unknown command.
Unknown command.
Unknown command.
You are feeling hungry.
Grinder gestures at you. You resist with significant effort.
You closely miss Grinder.
Grinder is heavily wounded.
Grinder hits you but does no damage.
Grinder says, "My boss said I was rubbish.
His entrails said otherwise."
Grinder hits you.
* * * LOW HITPOINT WARNING * * *
You writhe in agony.
* * * LOW HITPOINT WARNING * * *
Grinder gestures at you.
You suddenly lose the ability to move!
Grinder hits you.
* * * LOW HITPOINT WARNING * * *
You writhe in agony.
You die...

#..........†'.......÷.'
######...####.........#
##.## ##.......## #.#
##.....## #.# ##...##
#.# ##+## #.#
#####5####..
#...@......#
#.###.###..# #.# # #..
####


You could see Grinder.

Vanquished Creatures
  2 adders
  3 oozes
  An adder skeleton (D:3)
  A worm (D:2)
  3 dart slugs
  2 leopard geckos
  2 orcs (D:3)
  13 giant cockroaches
  5 goblins (D:1)
  2 hobgoblins
  9 jackals
  10 kobolds
  3 quokkas
  2 bats
  A frilled lizard (D:1)
  5 rats
64 creatures vanquished.

Notes
Turn   | Place    | Note
-------+----------+-------------------------------------------
     0 | D:1      | kosoiffoigrumme1174 the Vine Stalker Monk began the quest
                  | for the Orb.
     0 | D:1      | Reached XP level 1. HP: 13/13 MP: 3/3
    83 | D:1      | Reached XP level 2. HP: 18/18 MP: 4/4
   141 | D:1      | Reached skill level 1 in Unarmed Combat
   217 | D:1      | Reached XP level 3. HP: 23/23 MP: 5/5
   855 | D:2      | Reached skill level 4 in Dodging
   858 | D:2      | Reached XP level 4. HP: 28/28 MP: 6/6
  1155 | D:2      | Found a runed door.
  1760 | D:3      | Found a blossoming altar of Fedhas.
  1907 | D:3      | Reached XP level 5. HP: 32/32 MP: 7/7
  1918 | D:3      | Noticed Grinder
  1933 | D:3      | Paralysed by Grinder for 4 turns
  1940 | D:3      | Paralysed by Grinder for 3 turns
  1941 | D:3      | Slain by Grinder

Skill      XL: |  1  2  3  4 |
---------------+-------------+-----
Unarmed Combat | 1 2 |  2.4
Fighting       | 3 |  3.6
Dodging        | 4 |  4.4
Axes           | |  2.6
Stealth        | |  3.0
Invocations    | |  2.0

Action                   |  1- 3 |  4- 6 || total
-------------------------+-------+-------++-------
Melee: Hand axe          |    90 |    20 ||   110
       Bite              |    15 |    23 ||    38
       Punch             |     1 |     1 ||     2
       Dagger            |       |   104 ||   104
  Use: Scroll            |     4 |       ||     4
 Stab: Sleeping          |     4 |       ||     4
       Distracted        |       |     1 ||     1
  Eat: Chunk             |     2 |     7 ||     9
Armor: Robe              |     7 |       ||     7
       Chain mail        |    29 |    99 ||   128
Dodge: Dodged            |    34 |    51 ||    85
